 Dungeon Crawl Stone Soup version 0.24.1-14-gf8d2b509d9 (webtiles) character file.

Game seed: 16949402566574373802, levelgen mode: deterministic

595924 Hugehornet the Impregnable (level 27, -14/141 HPs)
             Began as a Gargoyle Fighter on May 20, 2020.
             Was an Initiate of Gozag.
             Killed from afar by a golden dragon (43 damage)
             ... with a bolt of cold
             ... on level 4 of the Depths on May 21, 2020.
             The game lasted 04:35:17 (75722 turns).

Hugehornet the Impregnable (Gargoyle Fighter)      Turns: 75722, Time: 04:35:18

Health: -14/141    AC: 59    Str: 30    XL:     27
Magic:  22/22      EV: 15    Int:  4    God:    Gozag
Gold:   6769       SH: 30    Dex: 11    Spells: 26/26 levels left

rFire    + + .     SeeInvis .   M - +9 eveningstar (holy)
rCold    . . .     Gourm    .   c - +2 large shield
rNeg     + + +     Faith    .   Y - +10 plate armour of Qazlal's Vengeance {+Inv rPois Str+4 Dex+2}
rPois    ∞         Spirit   .   (no helmet)
rElec    +         Reflect  +   Z - +2 cloak {MR+}
rCorr    .         Harm     .   n - -2 pair of gloves "Yrifrai" {+Inv rF+ rN+ Int-4}
MR       +++..     Rnd*Rage +   s - +2 pair of boots {run}
Stlth    ..........             G - amulet of Unuoroz {Reflect +Inv Dex+4 SH+3}
HPRegen  0.00/turn              k - ring of positive energy
MPRegen  0.18/turn              N - ring of protection from fire

@: about to teleport, flying, quick
A: big wings, talons 1, icy blue scales 1, rugged brown scales 1, slimy green
scales 1, berserk 2[+1], [blurry vision 3], clumsy 1[+1], deformed body,
deterioration 1[+1], [dopey 2], [frail 2], low mp 3, negative energy resistance
1, [screaming 2], electricity resistance, inhibited regeneration, [weak 2],
unbreathing, petrification resistance, no potion heal 1[+2], rot immunity,
[subdued magic 3], AC +20
}: 3/15 runes: serpentine, barnacled, silver
a: Stop Flying, Potion Petition, Call Merchant, Bribe Branch, Renounce Religion,
Evoke Invisibility


You were on level 4 of the Depths.
You worshipped Gozag.
Gozag was greatly pleased with you.
You were not hungry.

You visited 10 branches of the dungeon, and saw 47 of its levels.
You visited the Abyss 1 time.
You also visited: Ice Cave.

You collected 31463 gold pieces.
You spent 8833 gold pieces at shops.
You paid 15861 gold pieces to Gozag.

Inventory:

Hand Weapons
 F - the +8 trident of the Octopus King {venom, rElec rPois MR+}
   (You found it on level 3 of the Elven Halls)

   It poisons the flesh of those it strikes.
   It insulates you from electricity.
   It protects you from poison.
   It affects your resistance to hostile enchantments.
 M - a +9 eveningstar of holy wrath (weapon)
Missiles
 l - 38 silver javelins (quivered)
 p - 49 boomerangs
 t - 5 throwing nets
 T - 11 silver boomerangs
 W - 7 javelins
Armour
 c - a +2 large shield (worn)
 n - the -2 pair of gloves "Yrifrai" (worn) {+Inv rF+ rN+ Int-4}
   (You found it in an ice cave)

   It affects your intelligence (-4).
   It protects you from fire.
   It protects you from negative energy.
   It lets you turn invisible.
 q - the +0 helmet of the Stars {-Tele rN++ Regen+ SInv}
   (You bought it in a shop on level 1 of the Vaults)

   It greatly protects you from negative energy.
   It lets you see invisible.
   It prevents most forms of teleportation.
   It increases your rate of regeneration.
 s - a +2 pair of boots of running (worn)
 Y - the +10 plate armour of Qazlal's Vengeance (worn) {+Inv rPois Str+4 Dex+2}
   (You bought it in a shop on level 6 of the Lair of Beasts)

   It affects your strength (+4).
   It affects your dexterity (+2).
   It protects you from poison.
   It lets you turn invisible.
 Z - a +2 cloak of magic resistance (worn)
Jewellery
 k - a ring of positive energy (left hand)
 o - an uncursed ring of resist corrosion
 v - an uncursed ring of see invisible
 A - the amulet "Rebateiwk" {Spirit rElec rF++}
   (You found it on level 5 of the Dungeon)

   [amulet of guardian spirit]

   It causes incoming damage to be split between your health and magic.
   It greatly protects you from fire.
   It insulates you from electricity.
 E - an uncursed ring of protection from cold
 G - the amulet of Unuoroz (around neck) {Reflect +Inv Dex+4 SH+3}
   (You found it on level 1 of the Elven Halls)

   [amulet of reflection]

   It shields you and reflects attacks.
   It affects your dexterity (+4).
   It lets you turn invisible.
   It affects your SH (+3).
 N - a ring of protection from fire (right hand)
 O - an uncursed ring of protection from cold
 R - an uncursed ring of protection from magic
 U - a +6 ring of protection
Wands
 u - a wand of clouds (16)
 C - a wand of paralysis (16)
 D - a wand of disintegration (20)
 J - a wand of acid (19)
 K - a wand of iceblast (38)
 P - a wand of scattershot (11)
 V - a wand of digging (9)
Scrolls
 i - 9 scrolls of immolation
 j - 11 scrolls of remove curse
 m - 3 scrolls of fog
 r - 6 scrolls of enchant armour
 w - 12 scrolls of teleportation
 x - 4 scrolls of summoning
 y - 7 scrolls of magic mapping
 z - 6 scrolls of blinking
 B - 2 scrolls of silence
 H - 10 scrolls of identify
 I - 12 scrolls of fear
 L - 2 scrolls of enchant weapon
 X - 3 scrolls of holy word
Potions
 a - 7 potions of agility
 b - 2 potions of cancellation
 d - 3 potions of haste
 e - 4 potions of resistance
 g - a potion of might
 h - 17 potions of curing
 Q - 2 potions of heal wounds
 S - 3 potions of berserk rage
Comestibles
 f - 16 rations


   Skills:
 + Level 17.0 Fighting
   Level 13.4(16.5) Axes
 - Level 13.6(16.0) Maces & Flails
 - Level 11.3(13.8) Polearms
 - Level 16.0 Throwing
 * Level 23.3 Armour
 + Level 15.4 Dodging
 * Level 22.0 Shields
 - Level 11.2 Evocations


You had 26 spell levels left.
You didn't know any spells.
Your spell library contained the following spells:

 Spells                   Type           Power        Failure   Level  Hunger
 Animate Skeleton         Necr           N/A          91%         1    ##.....
 Apportation              Tloc           #.....       91%         1    ##.....
 Beastly Appendage        Tmut           #.....       91%         1    ##.....
 Confusing Touch          Hex            #.....       91%         1    ##.....
 Flame Tongue             Conj/Fire      #....        91%         1    ##.....
 Freeze                   Ice            #...         91%         1    ##.....
 Infusion                 Chrm           #...         91%         1    ##.....
 Magic Dart               Conj           #...         91%         1    ##.....
 Pain                     Necr           #...         91%         1    ##.....
 Sandblast                Erth           #.....       91%         1    ##.....
 Summon Butterflies       Summ           #.......     91%         1    ##.....
 Summon Small Mammal      Summ           #...         91%         1    ##.....
 Blink                    Tloc           N/A          98%         2    ###....
 Call Imp                 Summ           #.......     98%         2    ###....
 Passwall                 Tmut/Erth      #.......     98%         2    ###....
 Poisonous Vapours        Pois/Air       #.....       98%         2    ###....
 Shroud of Golubria       Chrm/Tloc      #.....       98%         2    ###....
 Slow                     Hex            #.......     98%         2    ###....
 Sticks to Snakes         Tmut           #.......     98%         2    ###....
 Throw Flame              Conj/Fire      #.....       98%         2    ###....
 Throw Frost              Conj/Ice       #.....       98%         2    ###....
 Confuse                  Hex            #.......     100%        3    ####...
 Conjure Flame            Conj/Fire      #.......     100%        3    ####...
 Gell's Gravitas          Tloc           #.........   100%        3    ####...
 Ignite Poison            Fire/Tmut/Pois #.......     100%        3    ####...
 Inner Flame              Hex/Fire       #.......     100%        3    ####...
 Lesser Beckoning         Tloc           #.........   100%        3    ####...
 Mephitic Cloud           Conj/Pois/Air  #.......     100%        3    ####...
 Ozocubu's Armour         Chrm/Ice       #.......     100%        3    ####...
 Recall                   Summ/Tloc      N/A          100%        3    ####...
 Regeneration             Chrm/Necr      #.........   100%        3    ####...
 Spider Form              Tmut/Pois      #.........   100%        3    ####...
 Stone Arrow              Conj/Erth      #.....       100%        3    ####...
 Tukima's Dance           Hex            #.......     100%        3    ####...
 Force Lance              Conj/Tloc      #.......     100%        4    #####..
 Fulminant Prism          Conj/Hex       #.........   100%        4    #####..
 Ice Form                 Ice/Tmut       #.......     100%        4    #####..
 Petrify                  Tmut/Erth      #.......     100%        4    #####..
 Sticky Flame             Conj/Fire      #.......     100%        4    #####..
 Summon Ice Beast         Ice/Summ       #.......     100%        4    #####..
 Summon Lightning Spire   Summ/Air       #.......     100%        4    #####..
 Throw Icicle             Conj/Ice       #.......     100%        4    #####..
 Agony                    Necr           #.......     100%        5    ######.
 Alistair's Intoxication  Tmut/Pois      #.......     100%        5    ######.
 Aura of Abjuration       Summ           #.........   100%        5    ######.
 Blade Hands              Tmut           #.........   100%        5    ######.
 Bolt of Draining         Conj/Necr      #.........   100%        5    ######.
 Bolt of Magma            Conj/Fire/Erth #.........   100%        5    ######.
 Fireball                 Conj/Fire      #.........   100%        5    ######.
 Irradiate                Conj/Tmut      #.........   100%        5    ######.
 Iskenderun's Battlesphe  Conj/Chrm      #.......     100%        5    ######.
 Lee's Rapid Deconstruct  Erth           #.........   100%        5    ######.
 Metabolic Englaciation   Hex/Ice        #.........   100%        5    ######.
 Silence                  Hex/Air        #.........   100%        5    ######.
 Summon Demon             Summ           #.........   100%        5    ######.
 Summon Forest            Summ/Tloc      #.........   100%        5    ######.
 Summon Mana Viper        Hex/Summ       #.......     100%        5    ######.
 Venom Bolt               Conj/Pois      #.........   100%        5    ######.
 Yara's Violent Unravell  Hex/Tmut       #.........   100%        5    ######.
 Bolt of Cold             Conj/Ice       #.........   100%        6    #######
 Bolt of Fire             Conj/Fire      #.........   100%        6    #######
 Conjure Ball Lightning   Conj/Air       #.........   100%        6    #######
 Death Channel            Necr           #.........   100%        6    #######
 Deflect Missiles         Chrm/Air       #.........   100%        6    #######
 Freezing Cloud           Conj/Ice/Air   #.........   100%        6    #######
 Hydra Form               Tmut           #.........   100%        6    #######
 Invisibility             Hex            #.......     100%        6    #######
 Iron Shot                Conj/Erth      #.........   100%        6    #######
 Ozocubu's Refrigeration  Ice            #.........   100%        6    #######
 Shadow Creatures         Summ           N/A          100%        6    #######
 Simulacrum               Ice/Necr       #.........   100%        6    #######
 Dragon Form              Tmut           #.........   100%        7    #######
 Orb of Destruction       Conj           #.........   100%        7    #######
 Ring of Flames           Chrm/Fire      #.........   100%        7    #######
 Spellforged Servitor     Conj/Summ      #.........   100%        7    #######
 Ignition                 Fire           #.........   100%        8    #######
 Infestation              Necr           #.........   100%        8    #######
 Tornado                  Air            #.........   100%        9    #######
 Sublimation of Blood     Necr           Unusable     N/A         2    N/A
 Statue Form              Tmut/Erth      Unusable     N/A         6    N/A

Dungeon Overview and Level Annotations

Branches:
Dungeon (15/15)            Temple (1/1) D:5            Lair (6/6) D:10
 Shoals (4/4) Lair:4        Snake (4/4) Lair:3        Slime (0/5) Lair:5
    Orc (2/2) D:11            Elf (3/3) Orc:2        Vaults (5/5) D:13
  Crypt (3/3) Vaults:3       Tomb (0/3) Crypt:3      Depths (4/5) D:15
  IceCv (visited)

Altars:
Ashenzari
Cheibriados
Dithmenos
Elyvilon
Fedhas
Gozag
Hepliaklqana
Kikubaaqudgha
Makhleb
Nemelex Xobeh
Okawaru
Qazlal
Ru
Sif Muna
Trog
Uskayaw
Vehumet
Wu Jian
Xom
Yredelemnul
Zin
The Shining One
Jiyva

Shops:
D:6 %   D:9 (   D:12 %=   D:15 !   Orc:2 !![}   Elf:1 ?   Elf:2 *[   Lair:1 *
Lair:4 (((   Lair:6 [   Shoals:1 *   Shoals:2 %**   Snake:1 (   Vaults:1 *}[!
Vaults:2 %(   Vaults:3 !   Vaults:4 ?   Depths:1 *   Depths:2 *

Portals:
Hell: Depths:1 Depths:2 Depths:4
Abyss: Depths:2
Pandemonium: Depths:3
Ziggurat: Depths:1

Annotations:
D:9 1 runed translucent door
Elf:2 1 runed translucent door


Innate Abilities, Weirdness & Mutations

You are resistant to torment.
Your stone body is resilient. (AC +20)
You are immune to poison.
Your large and strong wings let you fly indefinitely.
You resist negative energy. (rN+)
You are resistant to electric shocks. (rElec)
You can survive without breathing.
You are immune to petrification.
You are immune to rotting.
You have sharp toenails.
You are partially covered in icy blue scales. (AC +2)
You are partially covered in rugged brown scales. (AC +1, +3% HP)
You are partially covered in slimy green scales. (AC +2)
Armour fits poorly on your strangely shaped body.
Your magical capacity is extremely low. (-30% MP)
You do not regenerate when monsters are visible.
[You have an uncontrollable temper.]
[Scrolls take you much longer to read.]
[You are very clumsy. (Dex -4)]
[Your body often deteriorates upon taking damage.]
[You are very dopey. (Int -4)]
[You are very frail. (-20% HP)]
[You sometimes yell uncontrollably at your foes.]
[You are very weak. (Str -4)]
[Potions cannot restore your health.]
[Your spells are much easier to cast, but much less powerful.]


Message History

* * * LOW HITPOINT WARNING * * *
Space warps horribly around you!
* * * LOW HITPOINT WARNING * * *
You hear a grinding noise.
You block the golden dragon's attack.
The golden dragon claws you but does no damage.
The golden dragon tramples you but does no damage.
You hear a shout!
You hit the hell knight.
The hell knight is heavily wounded.
You block the thrashing horror's attack. x2
You block the hell knight's attack.
You completely miss the hell knight.
The hell knight is heavily wounded.
The thrashing horror roars!
The thrashing horror misses you. The thrashing horror barely misses you.
The golden dragon breathes cold at you. The bolt of cold hits you!!!
You die...
Your body crumbles into a pile of gold.

#..#..##..#...#...#..##...#
#..#...)##.(.....#......#
#)...#..#..(c..#..##.#.∩
#..).#....###R####...#
#....#...............#....#
#....#.........#.###.# .##
####.#########.....### ..#
#p#.#.# #.# #@#.#.# #..
####XDD#.# ##.
#DD{L#C#.#### #..DeGD......
#.DCTQ.......
####p.........##
..[.$.((....V## $
......[.(...#. $$
..#####....##


You could see 2 golden dragons, a storm dragon, a fire dragon, an ice dragon, a
lich, a yaktaur captain, a deep elf annihilator, a great orb of eyes, 2 ettins,
a rakshasa, a hell knight, a vampire mage, a thrashing horror, a deep troll
shaman, a wizard and a tengu conjurer.

Vanquished Creatures
  Mennas (Vaults:3)
  Mara (Shoals:3)
  An ancient lich (Vaults:5)
  Bai Suzhen (Snake:3)
  Vashnia (Snake:2)
  A golden dragon (Vaults:5)
  The ghost of yalue the Executioner, an adept MiFi of the Shining One (Crypt:1)
  The ghost of Jetyrhek the Devastator, a veteran GrEE of Lugonu (Crypt:2)
  3 profane servitors
  2 bone dragons
  9 tentacled monstrosities
  Jorgrun (Shoals:3)
  An Ice Fiend (IceCv)
  6 liches
  Rupert (D:12)
  Asterion (Snake:4)
  7 titans
  3 deep elf master archers (Elf:3)
  5 deep elf blademasters
  A quicksilver dragon (Vaults:5)
  Polyphemus (Shoals:3)
  3 sphinxes
  2 ancient champions (Crypt:1)
  A kraken (Abyss:3)
  11 tentacled starspawn
  The ghost of Nocid the Convoker, an adept BaSu of Sif Muna (Snake:4)
  9 tengu reavers
  5 shadow dragons
  3 storm dragons
  12 nagarajas
  The ghost of Seingud the Severer, a journeyman HOFi of Okawaru (D:15)
  Donald (Snake:4)
  4 revenants
  Roxanne (Snake:2)
  2 daevas
  9 deep elf sorcerers
  4 fire giants
  4 frost giants
  The ghost of KrasnyyBoyets the Slinger, a journeyman DDHu of Makhleb (Elf:1)
  Louise (Snake:2)
  13 vault wardens
  Aizul (Snake:2)
  The ghost of Ciageutz the Thaumaturge, a journeyman GnWz of Sif Muna (Snake:2)
  A juggernaut zombie (Depths:1)
  6 ghouls
  A reaper (Crypt:2)
  3 curse skulls
  5 deep elf elementalists (Elf:3)
  20 stone giants
  35 very ugly things
  An ophan (Abyss:3)
  5 war gargoyles (Vaults:5)
  4 entropy weavers
  2 vampire knights
  5 deep elf demonologists
  13 ironheart preservers
  A lorocyproca (Abyss:3)
  A green draconian (Abyss:2)
  Azrael (D:13)
  8 eidola
  7 deep elf annihilators
  A red draconian (Abyss:3)
  11 ettins
  5 fire dragons
  6 merfolk javelineers
  8 deep elf death magi
  A green death (Abyss:3)
  A mummy priest (Crypt:3)
  4 jiangshi (Crypt:2)
  A blizzard demon (Abyss:3)
  5 great orbs of eyes
  A great orb of eyes (shapeshifter) (Depths:2)
  4 deep elf high priests
  33 vault guards
  12 yaktaur captains
  9 merfolk impalers
  9 ice dragons
  7 merfolk avatars
  Erolcha (D:11)
  12 naga warriors
  8 hydras
  11 rakshasas
  23 anacondas
  A catoblepas (Shoals:3)
  8 death knights
  4 alligator snapping turtles
  16 ogre magi
  2 merfolk aquamancers (Shoals:4)
  11 centaur warriors
  A two-headed ogre (shapeshifter) (Depths:2)
  41 two-headed ogres
  4 satyrs
  9 deep troll earth magi
  8 deep troll shamans
  A queen ant (Lair:4)
  4 death yaks (Shoals:3)
  An orc high priest (Orc:2)
  6 tengu warriors
  9 vampire magi
  Nergalle (D:10)
  14 thrashing horrors (Abyss:3)
  A titan zombie (Crypt:3)
  A storm dragon zombie (Crypt:1)
  5 shock serpents
  A sun demon (Abyss:2)
  3 spriggan berserkers
  10 naga sharpshooters
  19 deep elf knights
  4 soul eaters
  16 wretched stars
  4 shadow wraiths
  A titan skeleton (Depths:1)
  A hell knight (Vaults:2)
  15 skeletal warriors
  2 salamander mystics
  2 unseen horrors (shapeshifter)
  4 sixfirhies (Abyss:3)
  2 spatial maelstroms (Abyss:3)
  13 sea snakes
  2 iron trolls (Depths:1)
  3 unseen horrors
  A storm dragon skeleton (Crypt:1)
  16 deep trolls
  9 flayed ghosts
  A golden dragon skeleton (Crypt:2)
  2 wizards
  A kraken simulacrum (Shoals:4)
  20 phantasmal warriors
  4 glowing orange brains
  8 naga ritualists
  An iron giant skeleton (Crypt:2)
  3 wolf spider zombies
  An anaconda skeleton (Abyss:2)
  17 ironbrand convokers
  The ghost of harkrass the Cudgeler, a novice MiFi (D:6)
  55 deep elf magi
  9 deep elf archers
  9 orc knights
  6 necromancers
  12 fauns
  18 harpies
  2 fire giant zombies
  A wolf spider (shapeshifter) (D:15)
  9 cyclopes
  9 manticores
  A stone giant zombie (Crypt:3)
  13 mana vipers
  2 iron dragon zombies
  2 orc sorcerers
  9 salamanders
  11 wolf spiders
  A fire giant skeleton (Crypt:1)
  An iron dragon skeleton (Crypt:1)
  5 oklob plants
  9 elephants
  66 ugly things
  A frost giant zombie (Crypt:3)
  A shock serpent zombie (Crypt:3)
  6 worldbinders
  41 black mambas
  A water nymph (shapeshifter) (Depths:1)
  A black mamba (shapeshifter) (D:15)
  An ice statue (IceCv)
  3 apocalypse crabs (Abyss:3)
  7 water nymphs
  A guardian serpent (shapeshifter) (Vaults:3)
  13 merfolk sirens
  12 guardian serpents
  A dire elephant zombie (Crypt:3)
  A titan simulacrum (Crypt:1)
  A gargoyle (D:15)
  20 naga magi
  7 spiny frogs
  14 vault sentinels
  An orange demon (Abyss:3)
  15 smoke demons
  A spiny frog (shapeshifter) (Abyss:2)
  A yaktaur zombie (Depths:1)
  An iron troll zombie (Crypt:2)
  30 yaktaurs
  A pale draconian zombie (Crypt:1)
  3 komodo dragons
  3 efreet
  A demonic crawler (Abyss:3)
  2 hellions
  26 freezing wraiths
  3 yaktaurs (shapeshifter)
  10 hellwings
  7 ice devils (IceCv)
  11 ancient zymes
  2 red devils (Depths:1)
  A tengu conjurer (Shoals:4)
  A golden dragon simulacrum (IceCv)
  4 anaconda simulacra (IceCv)
  A guardian mummy (Crypt:3)
  A silent spectre (Abyss:3)
  5 polar bears
  30 merfolk
  2 hydra zombies
  A merfolk (shapeshifter) (Vaults:4)
  A polar bear (shapeshifter) (Abyss:3)
  5 jumping spiders
  8 trolls
  3 ice dragon zombies
  2 hornets (shapeshifter)
  A hydra skeleton (Abyss:2)
  4 wind drakes
  22 blink frogs
  6 snapping turtles
  33 raiju
  9 dream sheep
  6 hornets
  4 ettin zombies
  29 slime creatures
  A harpy skeleton (D:15)
  10 hippogriffs
  A frost giant simulacrum (Abyss:3)
  A blink frog (shapeshifter) (Abyss:3)
  An elf zombie (Depths:1)
  A meliai zombie (D:14)
  8 flying skulls
  5 shadows
  58 starcursed masses
  7 water elementals
  Sigmund (D:2)
  5 redbacks
  An air elemental (Elf:3)
  15 wraiths
  12 spriggans (Lair:6)
  An ettin skeleton (Crypt:1)
  A wyvern (D:13)
  2 basilisks
  A dire elephant simulacrum (IceCv)
  The ghost of Ascillia the Skirmisher, an amateur MiFi (D:4)
  2 vampires
  13 fire elementals
  4 fire bats (Abyss:2)
  Eustachio (D:6)
  2 hogs (D:7)
  53 yaks
  2 humans (shapeshifter)
  A human (D:7)
  7 ynoxinuls
  32 large abominations
  A steam dragon (D:10)
  12 neqoxecs
  A death yak simulacrum (IceCv)
  3 hungry ghosts
  9 chaos spawn
  3 insubstantial wisps
  A spatial vortex (Abyss:3)
  A harpy simulacrum (IceCv)
  2 iron troll simulacra (IceCv)
  37 nagas
  A swamp worm (shapeshifter) (Depths:2)
  5 hydra simulacra (IceCv)
  21 soldier ants
  34 small abominations
  5 wargs
  A spiny frog zombie (Crypt:3)
  A faun skeleton (Crypt:2)
  2 acid dragons
  12 water moccasins
  2 floating eyes (Depths:2)
  7 hell hounds
  8 porcupines
  A porcupine (shapeshifter) (Elf:3)
  43 orc warriors
  6 ice beasts
  6 sky beasts
  A black bear (shapeshifter) (Vaults:1)
  2 ettin simulacra
  7 black bears
  A dream sheep zombie (Crypt:1)
  52 ogres
  An eye of draining (shapeshifter) (Vaults:3)
  4 phantoms
  2 eyes of draining
  2 human zombies
  A snapping turtle zombie (Crypt:3)
  6 boggarts
  14 necrophages
  39 wolves
  25 centaurs
  7 crocodiles
  A big kobold (D:9)
  Blork the orc (D:6)
  An earth elemental (Elf:3)
  24 bullfrogs
  A gnoll sergeant (D:5)
  A deep troll simulacrum (Vaults:1)
  A yaktaur skeleton (Crypt:1)
  A wyvern zombie (D:6)
  4 human simulacra
  5 scorpions
  5 wyvern skeletons (Crypt:3)
  An orc simulacrum (Vaults:2)
  14 wights
  A warg skeleton (Crypt:1)
  3 electric eels
  6 howler monkeys
  6 quasits
  4 centaur zombies
  8 crimson imps
  A draconian simulacrum (IceCv)
  A wyvern simulacrum (D:14)
  2 bullfrog zombies (D:13)
  9 hounds
  4 jellies
  20 orc priests
  4 bullfrog skeletons
  3 iron imps
  35 orc wizards
  2 centaur skeletons
  3 iguanas
  2 troll simulacra (IceCv)
  23 worker ants
  A spriggan simulacrum (IceCv)
  3 wolf simulacra (IceCv)
  2 killer bee zombies
  2 centaur simulacra (IceCv)
  A bullfrog simulacrum (D:6)
  A tengu zombie (Crypt:1)
  A hound skeleton (Crypt:1)
  A spectral worker ant (D:6)
  A howler monkey zombie (D:8)
  2 mummies (Crypt:3)
  A worker ant zombie (D:6)
  4 gnolls (D:5)
  15 adders
  2 ogre simulacra (IceCv)
  A steam dragon zombie (Crypt:2)
  3 shadow imps
  9 white imps
  12 ufetubi
  4 oozes
  2 adder zombies
  2 adder skeletons
  A lava snake skeleton (Crypt:2)
  A worm (D:5)
  A dart slug (D:1)
  An adder simulacrum (D:6)
  9 leopard geckos
  95 orcs
  A bat zombie (Crypt:2)
  6 giant cockroaches
  9 goblins
  10 hobgoblins
  12 jackals
  5 quokkas
  A ball python (D:3)
  5 bats
  6 frilled lizards
  14 kobolds
  A kobold skeleton (Crypt:2)
  A quokka skeleton (D:8)
  3 rats
  10 fungi
  A lurking horror (Abyss:3)
  10 plants
  2 starspawn tentacles
  2 tentacles
2558 creatures vanquished.

Vanquished Creatures (others)
  2 ironheart preservers
  2 stone giants
  An ogre mage (Vaults:5)
  3 yaktaur captains
  4 vault guards (Vaults:5)
  21 dancing weapons
  2 deep elf archers
  3 deep elf magi
  A worldbinder (Abyss:3)
  A large abomination (Abyss:3)
  6 yaktaurs
  A water elemental (Abyss:3)
  An insubstantial wisp (Abyss:3)
  A boggart (Depths:1)
  A small abomination (Abyss:3)
  An orc wizard (Vaults:2)
  A white imp (Abyss:3)
  An ufetubus (IceCv)
  3 orcs
  A jackal (D:10)
  9 fungi
  3 lurking horrors (Abyss:3)
  4 plants
  22 starspawn tentacles
  13 tentacles
108 creatures vanquished.

Grand Total: 2666 creatures vanquished

Notes
Turn   | Place    | Note
-------+----------+-------------------------------------------
     0 | D:1      | Hugehornet the Gargoyle Fighter began the quest for the
                  | Orb.
     0 | D:1      | Reached XP level 1. HP: 14/14 MP: 1/1
   205 | D:1      | Reached XP level 2. HP: 19/19 MP: 2/2
   644 | D:1      | Reached XP level 3. HP: 23/23 MP: 3/3
  1189 | D:2      | Noticed Sigmund
  1211 | D:2      | Killed Sigmund
  1211 | D:2      | Reached skill level 1 in Throwing
  1211 | D:2      | Reached skill level 4 in Armour
  1211 | D:2      | Reached XP level 4. HP: 10/28 MP: 4/4
  1211 | D:2      | Reached XP level 5. HP: 12/32 MP: 5/5
  1666 | D:2      | Found a basalt altar of Yredelemnul.
  1666 | D:2      | Found a shimmering blue altar of Sif Muna.
  1710 | D:3      | Reached XP level 6. HP: 37/37 MP: 6/6
  2079 | D:3      | Found a blossoming altar of Fedhas.
  2110 | D:3      | Noticed an oklob plant
  2460 | D:4      | Reached XP level 7. HP: 40/41 MP: 7/7
  2519 | D:4      | Found a runed translucent door.
  2521 | D:4      | Noticed Ascillia's ghost (amateur MiFi)
  2647 | D:4      | Reached skill level 1 in Evocations
  2892 | D:4      | Found a shattered altar of Ashenzari.
  3003 | D:4      | Identified the Catalogue of Lucky Arcane Weapons
  3246 | D:5      | Entered Level 5 of the Dungeon
  3295 | D:5      | Reached skill level 1 in Polearms
  3296 | D:5      | Found a staircase to the Ecumenical Temple.
  3442 | Temple   | Entered the Ecumenical Temple
  3465 | Temple   | Became a worshipper of Gozag Ym Sagoz the Greedy
  3673 | D:5      | Identified the +5 rapier "Xomunith" {protect, Int+4}
  4131 | D:5      | Reached XP level 8. HP: 43/46 MP: 9/9
  4289 | D:5      | Got a bound ruby amulet
  4291 | D:5      | Identified the amulet "Rebateiwk" {Spirit rElec rF++} (You
                  | found it on level 5 of the Dungeon)
  4411 | D:5      | Reached skill level 5 in Armour
  4589 | D:5      | Reached skill level 5 in Shields
  4797 | D:6      | Noticed Eustachio
  4824 | D:6      | Killed Eustachio
  4930 | D:6      | Noticed Blork the orc
  4951 | D:6      | Killed Blork the orc
  4951 | D:6      | Reached skill level 5 in Axes
  5010 | D:6      | Found a runed translucent gate.
  5062 | D:6      | Found a runed translucent gate.
  5063 | D:6      | Found a runed translucent gate.
  5103 | D:6      | Noticed harkrass's ghost (novice MiFi)
  5231 | D:6      | Reached XP level 9. HP: 37/52 MP: 8/10
  5242 | D:6      | Reached skill level 5 in Maces & Flails
  5493 | D:6      | Found Met Bex's Food Emporium.
  6492 | D:7      | Found a white marble altar of Elyvilon.
  6677 | D:7      | Reached skill level 6 in Armour
  6819 | D:7      | Found a shadowy altar of Dithmenos.
  7121 | D:8      | Reached skill level 5 in Fighting
  7121 | D:8      | Reached XP level 10. HP: 59/59 MP: 12/12
  8057 | D:8      | Found a hide-covered altar of Uskayaw.
  8057 | D:8      | Found an ornate altar of the Wu Jian Council.
  8779 | D:9      | Found a glowing silver altar of Zin.
  8779 | D:9      | Noticed an angel
  8780 | D:9      | Found a runed translucent door.
  8946 | D:9      | Bought a +1 flail of draining for 159 gold pieces
  8965 | D:10     | Entered Level 10 of the Dungeon
  8965 | D:10     | Noticed Nergalle
  9419 | D:6      | Killed harkrass's ghost
  9527 | D:4      | Killed Ascillia's ghost
  9635 | D:3      | Killed an oklob plant
 10427 | D:10     | Killed Nergalle
 10427 | D:10     | Reached XP level 11. HP: 26/64 MP: 5/14
 10447 | D:10     | Reached skill level 7 in Armour
 10987 | D:10     | Found a staircase to the Lair.
 11330 | D:10     | Reached skill level 5 in Throwing
 11745 | D:11     | Noticed a white ugly thing
 11761 | D:11     | Killed a white ugly thing
 11896 | D:11     | Noticed Erolcha
 11927 | D:11     | Killed Erolcha
 12980 | D:11     | Noticed a manticore
 12994 | D:11     | Killed a manticore
 12994 | D:11     | Reached skill level 5 in Evocations
 13057 | D:11     | Noticed a cyclops
 13077 | D:11     | Killed a cyclops
 13416 | D:11     | Found a staircase to the Orcish Mines.
 13533 | Lair:1   | Entered Level 1 of the Lair of Beasts
 13559 | Lair:1   | Noticed a five-headed hydra
 13577 | Lair:1   | Killed a five-headed hydra
 13577 | Lair:1   | Reached skill level 5 in Polearms
 13577 | Lair:1   | Reached XP level 12. HP: 24/71 MP: 7/15
 13847 | Lair:1   | Noticed an eight-headed hydra
 13871 | Lair:1   | Killed an eight-headed hydra
 14171 | Lair:1   | Noticed a five-headed hydra
 14186 | Lair:1   | Killed a five-headed hydra
 14202 | Lair:1   | Reached skill level 8 in Armour
 15160 | Lair:1   | Bought a scroll of teleportation for 93 gold pieces
 15160 | Lair:1   | Bought a scroll labeled TIGUFA OTSAK for 31 gold pieces
 15160 | Lair:1   | Bought a scroll labeled CIECZU DIOCAANG for 31 gold pieces
 16281 | Lair:3   | Got a crude quarterstaff
 16709 | Lair:3   | Found a staircase to the Snake Pit.
 16877 | Lair:3   | Reached XP level 13. HP: 77/78 MP: 17/17
 17515 | Lair:4   | Reached skill level 10 in Maces & Flails
 18368 | Lair:4   | Noticed an entropy weaver
 18792 | Lair:4   | Found a staircase to the Shoals.
 18961 | Lair:4   | Killed an entropy weaver
 18963 | Lair:4   | Noticed an entropy weaver
 18972 | Lair:4   | Killed an entropy weaver
 18972 | Lair:4   | Reached skill level 9 in Armour
 19413 | Lair:5   | Reached skill level 10 in Axes
 20252 | Lair:5   | Found a staircase to the Slime Pits.
 20254 | Lair:5   | Found a viscous altar of Jiyva.
 20499 | Lair:6   | Entered Level 6 of the Lair of Beasts
 20602 | Lair:6   | Gained mutation: Your large and strong wings let you fly
                  | indefinitely. [Gargoyle growth]
 20602 | Lair:6   | Reached XP level 14. HP: 65/84 MP: 15/19
 22812 | Lair:6   | Bought the cursed +0 hat of the Tundras {MR+ Int+2 Slay+3}
                  | for 577 gold pieces
 23094 | D:12     | Noticed Rupert
 23116 | D:12     | Killed Rupert
 23805 | D:12     | Found Rygusoji's Food Shoppe.
 23857 | D:12     | Found Oreplopo's Jewellery Shop.
 23934 | D:12     | Got a pitted war axe
 23935 | D:12     | Identified the +5 war axe "Mesmet" {chop, *Drain Dex+8}
                  | (You found it on level 12 of the Dungeon)
 24238 | D:13     | Noticed Azrael
 24258 | D:13     | Reached skill level 10 in Armour
 24262 | D:13     | Killed Azrael
 24262 | D:13     | Reached skill level 10 in Shields
 24262 | D:13     | Reached XP level 15. HP: 28/91 MP: 5/20
 24905 | Lair:6   | Bought a +1 pair of boots of running for 693 gold pieces
 25140 | D:13     | Found a gate to the Vaults.
 27275 | D:15     | Entered Level 15 of the Dungeon
 27487 | D:15     | Found a runed translucent gate.
 27487 | D:15     | Found a runed translucent gate.
 27489 | D:15     | Found a runed translucent gate.
 27495 | D:15     | Noticed Seingud's ghost (journeyman HOFi)
 27568 | D:15     | Reached skill level 10 in Fighting
 28399 | D:15     | Reached XP level 16. HP: 96/97 MP: 22/22
 29444 | D:15     | Found a staircase to the Depths.
 29586 | D:15     | Killed Seingud's ghost
 29969 | Orc:1    | Entered Level 1 of the Orcish Mines
 29982 | Orc:1    | Reached skill level 11 in Armour
 30100 | Orc:2    | Entered Level 2 of the Orcish Mines
 30513 | Orc:2    | Found a staircase to the Elven Halls.
 31257 | Orc:2    | Found Plog's Gadget Emporium.
 31257 | Orc:2    | Found Copnom's Distillery.
 31257 | Orc:2    | Found Pupaigiym's Antique Armour Boutique.
 31257 | Orc:2    | Found Cusathra's Distillery.
 31279 | Orc:2    | Bought a potion of haste for 140 gold pieces
 31279 | Orc:2    | Bought a potion of heal wounds for 70 gold pieces
 31279 | Orc:2    | Bought a potion of curing for 42 gold pieces
 31279 | Orc:2    | Bought 2 potions of curing for 84 gold pieces
 31291 | Orc:2    | Bought a potion of curing for 39 gold pieces
 31291 | Orc:2    | Bought 2 potions of heal wounds for 130 gold pieces
 31291 | Orc:2    | Bought a potion of agility for 52 gold pieces
 31291 | Orc:2    | Bought a potion of might for 52 gold pieces
 31291 | Orc:2    | Bought a potion of heal wounds for 65 gold pieces
 31291 | Orc:2    | Bought a potion of curing for 39 gold pieces
 32335 | Orc:1    | Found a radiant altar of Vehumet.
 32707 | Orc:2    | Bought a shiny helmet for 262 gold pieces
 32932 | Orc:2    | Bought a glowing helmet for 262 gold pieces
 33184 | Lair:6   | Bought the +10 plate armour of Qazlal's Vengeance {+Inv
                  | rPois Str+4 Dex+2} for 1951 gold pieces
 33793 | Snake:1  | Entered Level 1 of the Snake Pit
 34160 | Snake:1  | Found Zeet's Antique Weapon Shop.
 34552 | Snake:1  | Reached XP level 17. HP: 101/104 MP: 21/23
 35009 | Snake:2  | Noticed Aizul
 35052 | Snake:2  | Killed Aizul
 35070 | Snake:2  | Noticed Vashnia
 35503 | Snake:2  | Noticed Roxanne
 35720 | Snake:2  | Noticed Louise
 35740 | Snake:2  | Killed Louise
 35838 | Snake:2  | Reached skill level 12 in Armour
 36012 | Snake:2  | Killed Vashnia
 36437 | Snake:2  | Found a large runed translucent door.
 36438 | Snake:2  | Found a large runed translucent door.
 36454 | Snake:2  | Killed Roxanne
 36454 | Snake:2  | Reached skill level 10 in Throwing
 36519 | Snake:2  | Noticed Ciageutz's ghost (journeyman GnWz)
 36728 | Snake:2  | Killed Ciageutz's ghost
 36740 | Snake:2  | Got a coiled iron ring
 36742 | Snake:2  | Identified the ring "Nyap" {AC+2 Int+2} (You found it on
                  | level 2 of the Snake Pit)
 36798 | Snake:2  | Gained mutation: [Your spells are a little easier to cast,
                  | but a little less powerful.] [potion of mutation]
 36798 | Snake:2  | Gained mutation: You have a pair of small horns on your
                  | head. [potion of mutation]
 36798 | Snake:2  | Gained mutation: You passively map a small area around you.
                  | [potion of mutation]
 36935 | Lair:5   | Lost mutation: [Your spells are a little easier to cast,
                  | but a little less powerful.] [potion of mutation]
 36935 | Lair:5   | Lost mutation: You have a pair of small horns on your head.
                  | [potion of mutation]
 36935 | Lair:5   | Lost mutation: You passively map a small area around you.
                  | [potion of mutation]
 36935 | Lair:5   | Gained mutation: [You are weak. (Str -2)] [potion of
                  | mutation]
 36935 | Lair:5   | Gained mutation: You evolve. [potion of mutation]
 36935 | Lair:5   | Lost mutation: [You are weak. (Str -2)] [potion of
                  | mutation]
 36935 | Lair:5   | Gained mutation: You are partially covered in large bone
                  | plates. (SH +4) [potion of mutation]
 37528 | Snake:3  | Reached skill level 10 in Evocations
 37836 | Snake:3  | Lost mutation: You evolve. [evolution]
 38042 | Snake:3  | Noticed Bai Suzhen
 38059 | Snake:3  | Killed Bai Suzhen
 38059 | Snake:3  | Reached skill level 13 in Armour
 38059 | Snake:3  | Reached XP level 18. HP: 101/112 MP: 21/25
 38336 | Lair:5   | Lost mutation: You are partially covered in large bone
                  | plates. (SH +4) [potion of mutation]
 38336 | Lair:5   | Gained mutation: You evolve. [potion of mutation]
 38336 | Lair:5   | Gained mutation: You have a pair of small antennae on your
                  | head. [potion of mutation]
 38336 | Lair:5   | Gained mutation: Your mind is acute. (Int +2) [potion of
                  | mutation]
 38457 | Snake:4  | Entered Level 4 of the Snake Pit
 38457 | Snake:4  | Found a stormy altar of Qazlal.
 38490 | Snake:4  | Noticed Donald
 38519 | Snake:4  | Killed Donald
 38803 | Snake:4  | Noticed Asterion
 38812 | Snake:4  | Killed Asterion
 39372 | Snake:4  | Noticed Nocid's ghost (adept BaSu)
 39441 | Snake:4  | Found a runed translucent gate.
 39442 | Snake:4  | Found a runed translucent gate.
 39443 | Snake:4  | Found a runed translucent gate.
 39615 | Snake:4  | Killed Nocid's ghost
 40750 | Snake:4  | Reached skill level 14 in Armour
 41074 | Snake:4  | Reached XP level 19. HP: 104/118 MP: 27/27
 41154 | Snake:4  | Got a serpentine rune of Zot
 41377 | Shoals:1 | Entered Level 1 of the Shoals
 41381 | Shoals:1 | Found a frozen archway.
 41446 | IceCv    | Entered an ice cave
 41724 | IceCv    | Lost mutation: Your mind is acute. (Int +2) [potion of
                  | mutation]
 41724 | IceCv    | Gained mutation: Your muscles are strong. (Str +2) [potion
                  | of mutation]
 41724 | IceCv    | Gained mutation: Armour fits poorly on your strangely
                  | shaped body. [potion of mutation]
 41724 | IceCv    | Gained mutation: You are partially covered in iridescent
                  | scales. (AC +2) [potion of mutation]
 41922 | IceCv    | Noticed an Ice Fiend
 42078 | IceCv    | Killed an Ice Fiend
 42418 | IceCv    | Identified the Almanac of Nocuous Clay
 42448 | IceCv    | Got a pair of faintly humming gloves
 42454 | IceCv    | Identified the cursed -2 pair of gloves "Yrifrai" {+Inv rF+
                  | rN+ Int-4} (You found it in an ice cave)
 42459 | IceCv    | Got a twitching silver ring
 42461 | IceCv    | Identified the ring of Xom's Best Wishes {+Fly rElec rC+
                  | MR- Int+4} (You found it in an ice cave)
 42935 | Shoals:1 | Found Gasitilu's General Store.
 42971 | Shoals:1 | Bought a scroll of teleportation for 39 gold pieces
 43812 | Shoals:2 | Found Syemnifa's Assorted Antiques.
 43986 | Shoals:2 | Bought a scroll labeled ZYAKHL TINLUL for 31 gold pieces
 43986 | Shoals:2 | Bought a potion of invisibility for 248 gold pieces
 43986 | Shoals:2 | Bought a potion of curing for 93 gold pieces
 44172 | Shoals:2 | Found Bohigh's Assorted Antiques.
 44216 | Shoals:2 | Bought a scroll of identify for 62 gold pieces
 44216 | Shoals:2 | Bought a scroll labeled ZYAKHL TINLUL for 31 gold pieces
 44216 | Shoals:2 | Bought a scroll of identify for 62 gold pieces
 44226 | Shoals:2 | Bought a pitted flail for 263 gold pieces
 44226 | Shoals:2 | Identified the +3 flail "Miumnittop" {flame, rN+ Int+4}
                  | (You bought it in a shop on level 2 of the Shoals)
 44752 | Shoals:2 | Found Ummips's Food Emporium.
 45040 | Shoals:3 | Noticed Jorgrun
 45074 | Shoals:3 | Killed Jorgrun
 46010 | Shoals:3 | Noticed Polyphemus
 46083 | Shoals:3 | Killed Polyphemus
 46480 | Shoals:3 | Reached skill level 15 in Armour
 46524 | Shoals:3 | Noticed Mara
 46537 | Shoals:3 | Killed Mara
 46753 | Shoals:4 | Entered Level 4 of the Shoals
 46796 | Shoals:4 | Reached skill level 15 in Shields
 46855 | Shoals:4 | Reached XP level 20. HP: 75/124 MP: 22/28
 47097 | Shoals:4 | Got a barnacled rune of Zot
 47232 | Shoals:4 | Reached skill level 1 in Dodging
 48204 | Shoals:4 | Got a polished mace
 48205 | Shoals:4 | Identified the cursed +0 mace "Grim" {protect, rElec Dex+4}
                  | (You found it on level 4 of the Shoals)
 48800 | Shoals:4 | Found the +3 giant club "Skullcrusher" {speed, Str+7}
 48949 | Shoals:4 | Gained mutation: You have sharp toenails. [evolution]
 49466 | D:14     | Lost mutation: You evolve. [potion of mutation]
 49466 | D:14     | Lost mutation: You have a pair of small antennae on your
                  | head. [potion of mutation]
 49466 | D:14     | Gained mutation: [Your body sometimes deteriorates upon
                  | taking damage.] [potion of mutation]
 49466 | D:14     | Gained mutation: You are partially covered in icy blue
                  | scales. (AC +2) [potion of mutation]
 49466 | D:14     | Gained mutation: You are partially covered in slimy green
                  | scales. (AC +2) [potion of mutation]
 49597 | Orc:2    | Bought a potion of mutation for 112 gold pieces
 49603 | Orc:2    | Lost mutation: Your muscles are strong. (Str +2) [potion of
                  | mutation]
 49603 | Orc:2    | Lost mutation: [Your body sometimes deteriorates upon
                  | taking damage.] [potion of mutation]
 49603 | Orc:2    | Lost mutation: You are partially covered in iridescent
                  | scales. (AC +2) [potion of mutation]
 49603 | Orc:2    | Gained mutation: You are partially covered in rugged brown
                  | scales. (AC +1, +3% HP) [potion of mutation]
 49603 | Orc:2    | Gained mutation: You evolve. [potion of mutation]
 49876 | Shoals:1 | Bought a scroll of acquirement for 676 gold pieces
 49885 | Shoals:1 | Got a pitted hat
 49896 | Shoals:1 | Identified the +1 hat of Insurance {rC+ MR- rCorr Str+4}
                  | (You acquired it on level 1 of the Shoals)
 50175 | Elf:1    | Entered Level 1 of the Elven Halls
 50433 | Elf:1    | Reached skill level 5 in Dodging
 50443 | Elf:1    | Identified the Almanac of Confrontation
 50501 | Elf:1    | Found a runed translucent door.
 50501 | Elf:1    | Found a shimmering altar of Xom.
 50501 | Elf:1    | Noticed KrasnyyBoyets's ghost (journeyman DDHu)
 50587 | Elf:1    | Found Beduxod's Magic Scroll Boutique.
 50592 | Elf:1    | Bought a scroll of immolation for 49 gold pieces
 50592 | Elf:1    | Bought a scroll of identify for 28 gold pieces
 50592 | Elf:1    | Bought a scroll of immolation for 49 gold pieces
 50592 | Elf:1    | Bought a scroll of silence for 105 gold pieces
 50794 | Elf:1    | You are sucked into a shaft and drop 1 floor!
 50966 | Elf:2    | Reached skill level 16 in Armour
 51056 | Elf:2    | Found a runed translucent door.
 51056 | Elf:2    | Found a runed translucent door.
 52425 | Elf:2    | Found Fohinood's Assorted Antiques.
 52627 | Elf:3    | Entered Level 3 of the Elven Halls
 53275 | Elf:3    | Reached XP level 21. HP: 97/132 MP: 27/29
 53759 | Elf:3    | Reached skill level 17 in Armour
 54040 | Elf:3    | Identified the +1 scimitar "Kealiyruc" {drain, Str+3 Int+4}
 54041 | Elf:3    | Found the +8 trident of the Octopus King {venom, rElec
                  | rPois MR+}
 54597 | Elf:3    | Reached skill level 10 in Dodging
 54688 | Elf:3    | Lost mutation: Armour fits poorly on your strangely shaped
                  | body. [evolution]
 54688 | Elf:3    | Lost mutation: You evolve. [end of evolution]
 55049 | Elf:2    | Bought a +2 cloak of magic resistance for 279 gold pieces
 55109 | Elf:1    | Killed KrasnyyBoyets's ghost
 55141 | Elf:1    | Identified the amulet of Unuoroz {Reflect +Inv Dex+4 SH+3}
                  | (You found it on level 1 of the Elven Halls)
 55298 | Vaults:1 | Entered Level 1 of the Vaults
 55912 | Vaults:1 | You are sucked into a shaft and drop 1 floor!
 57087 | Vaults:1 | Found Tulunaps's General Store.
 57198 | Vaults:1 | Found Nothrutu's Distillery.
 57247 | Vaults:1 | Bought a potion of heal wounds for 90 gold pieces
 57247 | Vaults:1 | Bought a potion of heal wounds for 90 gold pieces
 57247 | Vaults:1 | Bought a potion of haste for 180 gold pieces
 57247 | Vaults:1 | Bought a potion of heal wounds for 90 gold pieces
 57249 | Vaults:1 | Bought the +0 helmet of the Stars {-Tele rN++ Regen+ SInv}
                  | for 412 gold pieces
 57339 | Vaults:1 | Found Teweugor's Gadget Emporium.
 58372 | Vaults:2 | Reached XP level 22. HP: 139/139 MP: 30/30
 58776 | Vaults:2 | Reached skill level 18 in Armour
 58860 | Vaults:2 | Found Kifaan's Weapon Emporium.
 59259 | Vaults:2 | Found Teroj Fiq's Food Emporium.
 59813 | Vaults:3 | Noticed Mennas
 59863 | Vaults:3 | Killed Mennas
 60260 | Vaults:3 | Found Suutun's Distillery.
 60263 | Vaults:3 | Bought a potion of curing for 54 gold pieces
 60263 | Vaults:3 | Bought a potion of curing for 54 gold pieces
 60263 | Vaults:3 | Bought a potion of agility for 72 gold pieces
 60263 | Vaults:3 | Bought a potion of haste for 180 gold pieces
 60263 | Vaults:3 | Bought a potion of curing for 54 gold pieces
 60263 | Vaults:3 | Bought a potion of might for 72 gold pieces
 60985 | Vaults:3 | Found a staircase to the Crypt.
 61293 | Vaults:4 | Reached skill level 10 in Polearms
 61407 | Vaults:4 | Reached XP level 23. HP: 119/144 MP: 31/31
 61474 | Vaults:4 | Reached skill level 19 in Armour
 62640 | Vaults:4 | Bought a scroll of enchant weapon for 105 gold pieces
 62640 | Vaults:4 | Bought a scroll of enchant weapon for 105 gold pieces
 62650 | Vaults:5 | Entered Level 5 of the Vaults
 62661 | Vaults:5 | Noticed an ancient lich
 62688 | Vaults:5 | Killed an ancient lich
 63734 | Vaults:4 | Reached XP level 24. HP: 101/151 MP: 31/31
 63970 | Vaults:5 | Reached skill level 20 in Armour
 64072 | Vaults:5 | Identified the +8 halberd of Rilicacwitat {chop, Str+5}
 64713 | Vaults:5 | Identified the cursed +1 demon whip of Kismet {flame, +Rage
                  | rPois} (You found it on level 5 of the Vaults)
 64771 | Vaults:5 | Got a silver rune of Zot
 65018 | Vaults:5 | Identified the +3 trident of the Heavens {flame, rN++} (You
                  | found it on level 5 of the Vaults)
 65275 | Vaults:5 | Identified the cursed +1 war axe "Lenucynk" {chop, rN+}
                  | (You found it on level 5 of the Vaults)
 65338 | Crypt:1  | Entered Level 1 of the Crypt
 65853 | Crypt:1  | Found a runed translucent gate.
 65853 | Crypt:1  | Found a runed translucent gate.
 65853 | Crypt:1  | Found a runed translucent gate.
 65860 | Crypt:1  | Noticed yalue's ghost (adept MiFi)
 65864 | Crypt:1  | Found an iron altar of Okawaru.
 65907 | Crypt:1  | Killed yalue's ghost
 66323 | Crypt:2  | Reached XP level 25. HP: 158/158 MP: 31/31
 66497 | Crypt:2  | Found a runed translucent door.
 66732 | Crypt:2  | Noticed Jetyrhek's ghost (veteran GrEE)
 66757 | Crypt:2  | Killed Jetyrhek's ghost
 66894 | Crypt:3  | Entered Level 3 of the Crypt
 66986 | Crypt:3  | Identified the Handbook of Necromancy
 67452 | Crypt:3  | Reached skill level 21 in Armour
 67456 | Crypt:3  | Found a basalt altar of Yredelemnul.
 67502 | Crypt:3  | Reached skill level 15 in Fighting
 67732 | Crypt:3  | Found the +9 sword of Zonguldrok {reap}
 68195 | Crypt:3  | Identified Kuamoll's Almanac of Stones and Transformation
 68469 | Crypt:3  | Found a staircase to the Tomb.
 69063 | D:15     | Bought a potion of curing for 42 gold pieces
 69063 | D:15     | Bought a potion of agility for 56 gold pieces
 69063 | D:15     | Bought a potion of heal wounds for 70 gold pieces
 69069 | Depths:1 | Entered Level 1 of the Depths
 69069 | Depths:1 | Found Popluc's Hallowed Reliquary.
 69069 | Depths:1 | Found a white marble altar of Elyvilon.
 69379 | D:15     | Reached skill level 15 in Throwing
 69442 | D:15     | Paralysed by a great orb of eyes for 5 turns
 69660 | Depths:1 | Bought a potion of curing for 39 gold pieces
 69660 | Depths:1 | Bought a potion of curing for 39 gold pieces
 69660 | Depths:1 | Bought a potion of heal wounds for 65 gold pieces
 69660 | Depths:1 | Bought a potion of heal wounds for 65 gold pieces
 69679 | Depths:1 | Found a gateway to a ziggurat.
 70306 | Depths:1 | Found a gateway to Hell.
 70400 | Depths:1 | Reached XP level 26. HP: 120/165 MP: 31/31
 71232 | Depths:2 | Reached skill level 22 in Armour
 71552 | Depths:2 | Found a one-way gate to the infinite horrors of the Abyss.
 72045 | Depths:3 | Found a one-way gate leading to the halls of Pandemonium.
 72083 | Depths:3 | You are sucked into a shaft and drop 1 floor!
 72281 | Depths:4 | Cast into level 2 of the Abyss (hell knight)
 72960 | Abyss:2  | Paralysed by accursed screaming for 1 turns
 73197 | Abyss:2  | Gained mutation: [Your body sometimes deteriorates upon
                  | taking damage.] [a neqoxec]
 73276 | Abyss:2  | Paralysed by accursed screaming for 1 turns
 73373 | Abyss:2  | Reached skill level 15 in Dodging
 73421 | Abyss:3  | Found a corrupted altar of Lugonu.
 73515 | Abyss:3  | Reached XP level 27. HP: 146/174 MP: 31/31
 73636 | Abyss:3  | Gained mutation: [You are clumsy. (Dex -2)] [a neqoxec]
 73753 | Abyss:3  | Found a corrupted altar of Lugonu.
 73972 | Abyss:3  | Gained mutation: [Potions are less effective at restoring
                  | your health.] [a neqoxec]
 74068 | Abyss:3  | Paralysed by you for 3 turns
 74293 | Abyss:3  | Gained mutation: Your magical capacity is low. (-10% MP) [a
                  | neqoxec]
 74398 | Abyss:3  | Lost intelligence.
 74451 | Abyss:3  | Identified the amulet of the Tarantula {RegenMP Str+3
                  | Dex+4}
 74533 | Abyss:3  | Reached skill level 23 in Armour
 74603 | Abyss:3  | Gained mutation: Your magical capacity is very low. (-20%
                  | MP) [a neqoxec]
 74707 | Abyss:3  | Gained mutation: You do not regenerate when monsters are
                  | visible. [a neqoxec]
 74733 | Abyss:3  | Gained mutation: [You tend to lose your temper in combat.]
                  | [a neqoxec]
 74734 | Abyss:3  | Gained mutation: [You often lose your temper in combat.] [a
                  | neqoxec]
 74735 | Abyss:3  | Gained mutation: Your magical capacity is extremely low.
                  | (-30% MP) [a neqoxec]
 75256 | Abyss:3  | Found a radiant altar of Vehumet.
 75565 | Abyss:3  | Gained mutation: Armour fits poorly on your strangely
                  | shaped body. [a neqoxec]
 75720 | Depths:4 | Escaped the Abyss
 75722 | Depths:4 | Killed from afar by a golden dragon

Levels and vault maps discovered:
D:1:      kennysheep_arrival_seaside, layout_loops_ring, minmay_tetromino_o2
D:2:      layout_rooms, gammafunk_temple_overflow_statue, uniq_sigmund
D:3:      layout_rooms, tgw_fedhas
D:4:      layout_loops_ring, first_ration, ebering_ghost_inner_flame,
          cheibrodos_ashenzari_chains
D:5:      layout_loops_cross, minmay_temple_entry_gardened_gates
D:6:      wad_lake_hut, layout_cave_pools, gammafunk_ghost_necromancy,
          serial_shops, shop, uniq_eustachio, uniq_blork_the_orc
D:7:      layout_loops_cross, nicolae_dithmenos_the_darkroom,
          old_standard_altar, grunt_livestock
D:8:      layout_basic, gammafunk_temple_overflow_elements
D:9:      layout_loops_ring, lemuel_angel_altar
D:10:     layout_small_grid, erik_lair_island, uniq_nergalle
D:11:     layout_rooms, orc_0_dummy, uniq_erolcha
D:12:     layout_cross, serial_park, serial_shops, shop,
          kennysheep_windowed_goal, uniq_rupert
D:13:     layout_irregular_city, erik_vaults_2, uniq_azrael
D:14:     layout_grid_maze, hangedman_decor_peaks_small
D:15:     gammafunk_enter_depths_forms, layout_gridville,
          gammafunk_ghost_spectres, roderic_filled_cross
Temple:   regret_index_temple_sphere_string
Lair:1:   layout_regular_city
Lair:2:   layout_cave_pods, minmay_lair_oklob_chamber
Lair:3:   layout_cave_pods, minmay_snake_entry_six_corridors,
          infiniplex_staircase_pool
Lair:4:   layout_long_grid, minmay_shoals_entry_lonely_mermaid,
          zaba_antful_of_joy
Lair:5:   layout_gridlike, slime_altar_1, grunt_megastairs_2,
          lemuel_fruit_fields
Lair:6:   minmay_lair_end_enchanted_forest, layout_regular_city
Shoals:1: layout_shoals, portal_ice_cave_entry_pillars_three, serial_shops, shop
Shoals:2: layout_shoals, serial_shops, nicolae_shop_window_shopping, shop,
          nicolae_shop_overgrown_old_shop, nicolae_shoals_square_sea_wall
Shoals:3: layout_shoals, uniq_polyphemus, uniq_mara, uniq_jorgrun
Shoals:4: shoals_end_grunt_ice, layout_shoals, kb_tengu_band
Snake:1:  layout_cave_pods, serial_shops, shop
Snake:2:  layout_misc_corridors, ebering_ghost_disaster_area, uniq_louise,
          uniq_aizul, uniq_roxanne, uniq_vashnia
Snake:3:  layout_gridlike, serial_bayou_crossing, uniq_bai_suzhen
Snake:4:  grunt_snake_rune_serpentine_throne, layout_basic,
          gammafunk_ghost_split, basic_altar, uniq_donald, uniq_asterion
Orc:1:    layout_caves, basic_altar, rock_pile
Orc:2:    st_orc_ogre_mass, layout_diamond_mine, nicolae_orc_lava_tube
Elf:1:    eino_elf_arrival_sip, layout_geoelf_octagon, serial_shops,
          shop_statue, ebering_ghost_xom, minmay_elf_annihilation
Elf:2:    layout_gridlike, serial_shops, nicolae_shop_overgrown_old_shop
Elf:3:    minmay_elf_hall_statues, layout_loops_corners, grunt_ministairs_4,
          drop_trap
Vaults:1: hangedman_vaults_nails, nicolae_vaults_sealed_display,
          vaults_room_fours, hangedman_vaults_slice,
          nicolae_vaults_angled_halls, vaults_room_fours,
          ontoclasm_vaults_tryst, layout_vaults_omnicross, serial_shops,
          nicolae_shop_trees, shop, shop_statue
Vaults:2: hangedman_vaults_nails, dpeg_vaults_waves,
          nicolae_vaults_little_squares_6, v_alt_pattern_6, vaults_room_fours,
          hangedman_vaults_stretched_pinwheel, grunt_vaults_hallway_long,
          vaults_dpeg_ring, dpeg_vaults_monster_box,
          nicolae_vaults_specimen_jars, layout_vaults_omnigrid, serial_shops,
          shop
Vaults:3: nicolae_vaults_three_branches, vaults_mumra_hex, serial_ice_b,
          minmay_crypt_entry_simple_box, ontoclasm_vaults_ligature,
          hangedman_vaults_cutoff, nicolae_vaults_windows_and_doors_thing,
          v_misc_9, hangedman_vaults_trim, nicolae_vaults_rhombus_7,
          nicolae_vaults_asterisk, layout_vaults_omnibox, serial_shops,
          nicolae_shop_behind_doors, uniq_mennas
Vaults:4: vaults_room_large_hall, v_pattern_1, grunt_vaults_focal,
          grunt_vaults_funnel, ontoclasm_vaults_eye,
          nicolae_vaults_little_squares_5, v_misc_33, vaults_room_grid, st_eye,
          nicolae_vaults_puzzle_piece, vaults_room_corners, v_alt_pattern_1,
          layout_vaults_maze
Vaults:5: serial_shops
Crypt:1:  layout_misc_corridors, gammafunk_ghost_fury_of_okawaru
Crypt:2:  layout_rooms, ebering_ghost_reflecting_pool
Crypt:3:  evilmike_haunted_forest
Depths:1: layout_cave_shapes, enter_ziggurat_e, hellmouth_3,
          minmay_stone_trees_small, nicolae_good_shop, kennysheep_random_hallway
Depths:2: minmay_bad_star, layout_basic, nrook_mini_vaults,
          hangedman_abyss_entry_splay, hell_entry, kennysheep_generic_room_15
Depths:3: gammafunk_the_bubble [the_bubble_gammafunk_plus_minus],
          layout_gridlike, serial_shops, nicolae_shop_overgrown_old_shop,
          rand_demon_pan_entry_4, hangedman_tar_grid_catacomb,
          grunt_decor_resistance, minmay_staircase_windowed_small
Depths:4: minmay_octagon_city, layout_basic, abyss_entry,
          hangedman_decor_diamond_cutter, serial_sigils,
          serial_sigils_hangedman_etch, serial_sigils_hangedman_scar,
          serial_sigils_hangedman_scratch, hell_entry

Skill      XL: |  1  2  3  4  5  6  7  8  9 10 11 12 13 14 15 16 17 18 19 20 21 22 23 24 25 26 27 |
---------------+----------------------------------------------------------------------------------+-----
Axes           | 2 3 4 5 6 7 8 9 10 11 12 13 | 13.4
Maces & Flails | 2 3 4 6 7 8 9 10 11 12 13 | 13.6
Throwing       | 1 2 3 4 5 6 7 8 9 10 11 12 13 14 15 16 | 16.0
Armour         | 4 5 6 7 8 9 10 11 13 14 15 16 17 18 19 20 21 22 23 | 23.3
Shields        | 4 5 6 7 8 9 10 11 12 13 15 16 17 19 20 21 22 | 22.0
Evocations     | 1 2 3 4 5 6 7 8 9 10 11 | 11.2
Polearms       | 1 2 3 4 5 6 7 8 9 10 11 | 11.3
Fighting       | 4 5 6 7 8 9 10 11 12 13 14 15 16 17 | 17.0
Dodging        | 8 11 12 13 14 15 | 15.4

Action                   |  1- 3 |  4- 6 |  7- 9 | 10-12 | 13-15 | 16-18 | 19-21 | 22-24 | 25-27 || total
-------------------------+-------+-------+-------+-------+-------+-------+-------+-------+-------++-------
Melee: War axe           |   103 |    10 |     7 |   239 |   170 |       |       |       |       ||   529
       Whip              |    41 |   110 |   522 |   247 |       |       |       |       |       ||   920
       Flail             |       |       |       |   847 |  1776 |  1108 |       |       |       ||  3731
       Trident           |       |       |       |     7 |       |       |       |    30 |       ||    37
       Eveningstar       |       |       |       |       |       |   520 |   138 |  1490 |  2633 ||  4781
       Demon whip        |       |       |       |       |       |   432 |  2636 |   855 |       ||  3923
Throw: Stone             |     2 |     7 |     6 |       |       |       |       |       |       ||    15
       Dart              |       |     6 |    40 |    39 |       |       |       |       |       ||    85
       Boomerang         |       |       |       |     6 |    55 |    28 |    11 |       |       ||   100
       Javelin           |       |       |       |       |     3 |       |       |    21 |       ||    24
Invok: Call Merchant     |       |       |       |     2 |     2 |       |     4 |     1 |     2 ||    11
 Abil: Fly               |       |       |       |       |     1 |       |       |       |     1 ||     2
       Evoke Invisibilit |       |       |       |       |       |     6 |     5 |     2 |       ||    13
       Stop Flying       |       |       |       |       |       |       |       |     1 |       ||     1
Evoke: Wand              |       |       |       |       |       |       |     3 |       |       ||     3
  Use: Scroll            |     2 |     4 |     6 |     7 |    19 |     9 |    15 |     9 |     5 ||    76
       Potion            |       |       |       |     4 |     1 |     7 |     7 |    12 |    13 ||    44
 Stab: Invisible         |       |       |     1 |     3 |       |    15 |    12 |       |       ||    31
       Distracted        |       |       |       |     1 |     4 |    12 |    14 |    23 |    21 ||    75
       Petrified         |       |       |       |       |       |       |     6 |       |     3 ||     9
  Eat: Chunk             |     1 |     4 |     8 |     1 |       |       |       |       |       ||    14
       Ration            |       |       |     3 |     9 |    14 |    12 |    17 |     8 |    10 ||    73
Armor: Scale mail        |    85 |    35 |    53 |       |       |       |       |       |       ||   173
       Chain mail        |       |       |   120 |       |       |       |       |       |       ||   120
       Plate armour      |       |       |   108 |   850 |  1190 |   982 |   935 |   884 |   814 ||  5763
Dodge: Dodged            |    63 |    19 |   110 |   248 |   361 |   265 |   385 |   673 |   732 ||  2856
Block: Shield            |   101 |    44 |   247 |   682 |  1036 |   581 |       |       |       ||  2691
       Large shield      |       |       |       |       |       |   893 |  2133 |  2661 |  2893 ||  8580
       Reflection        |       |       |       |       |       |       |    28 |    55 |    82 ||   165
